 Dungeon Crawl Stone Soup version 0.29-a0-495-g17b79114eb (webtiles) character file.

Game seed: 17405501601676817294

28 jlumianski the Grave Robber (level 3, 0/26 HPs)
             Began as a Ghoul Necromancer on May 27, 2022.
             Slain by Terence
             ... wielding a +0 flail
              (9 damage)
             ... on level 1 of the Dungeon.
             The game lasted 00:07:20 (1591 turns).

jlumianski the Grave Robber (Ghoul Necromancer)     Turns: 1591, Time: 00:07:20

Health: 0/26       AC:  2    Str: 11    XL:     3   Next: 14%
Magic:  1/5        EV: 12    Int: 12    God:
Gold:   60         SH:  0    Dex:  9    Spells: 2/6 levels left

rFire   . . .      SeeInvis .   c - +2 dagger (flame)
rCold   + . .      Faith    .   (no shield)
rNeg    + + +      Spirit   .   a - +0 robe
rPois   ∞          Reflect  .   d - +0 hat
rElec   .          Harm     .   (no cloak)
rCorr   +          Rampage  .   (no gloves)
Will    .....                   (no boots)
Stlth   ++........              (no amulet)
HPRegen 0.00/turn               h - ring of resist corrosion
MPRegen 0.09/turn               (no ring)

@: inhibited regen
A: claws 1, cold resistance 1, negative energy resistance 3, inhibited
regeneration, torment resistance 2, devour on kill
a: no special abilities


You were on level 1 of the Dungeon.
You visited 1 branch of the dungeon, and saw 2 of its levels.

You collected 60 gold pieces.

Inventory:

Hand Weapons
 c - a +2 dagger of flaming (weapon)
Missiles
 e - 44 stones
Armour
 a - a +0 robe (worn)
 d - a +0 hat (worn)
Jewellery
 h - a ring of resist corrosion (left claw)
Scrolls
 f - a scroll of silence {unknown}
 g - a scroll of enchant armour {unknown}
 i - 2 scrolls of immolation {unknown}
 j - a scroll of magic mapping {unknown}
 l - a scroll of vulnerability {unknown}
Potions
 b - a potion of magic
 k - a potion of ambrosia {unknown}


   Skills:
 + Level 2.1 Dodging
 + Level 2.5 Stealth
 + Level 0.2 Unarmed Combat
 + Level 2.0 Spellcasting
 + Level 4.4 Necromancy


You had 2 spell levels left.
You knew the following spells:

 Your Spells              Type           Power      Damage    Failure   Level
a - Necrotize             Necr           44%        1d6       4%          1
b - Vampiric Draining     Necr           11%        2d6       13%         3

Your spell library contained the following spells:

 Spells                   Type           Power      Damage    Failure   Level
 Animate Dead             Necr           11%        N/A       41%         4
 Agony                    Necr           11%        N/A       77%         5


Dungeon Overview and Level Annotations

Branches:
Dungeon (2/15)

Altars:

Shops:
D:1 :   D:2 *

Annotations:
D:1 Terence


Innate Abilities, Weirdness & Mutations

You are immune to poison.
You have sharp fingernails.
Your flesh is cold resistant. (rC+)
You are immune to negative energy. (rN+++)
You do not regenerate when monsters are visible.
You are immune to unholy pain and torment.
You thrive by killing the living.


Message History

You barely miss Terence.
Terence is severely wounded.
Terence misses you.
You hit Terence but do no damage.
Terence is severely wounded.
Terence closely misses you.
You barely miss Terence.
Terence is severely wounded.
Terence hits you with a +0 flail.
You hit Terence but do no damage.
Terence is severely wounded.
Terence closely misses you.
You hit Terence but do no damage.
Terence is severely wounded.
Terence barely misses you.
Casting: Vampiric Draining (quite dangerous; 13% risk of failure)
Confirm with . or Enter, or press ? or * to list all spells.
Aiming: Necrotize (safe; 4% risk of failure)
Press: ? - help, Shift-Dir - straight line, f/p - Terence
Aim: Terence, wielding a +0 flail and wearing a +0 scale mail (severely wounded, chance to affect: 73%) Terence struggles to resist.
Terence hits you with a +0 flail.
You closely miss Terence.
Terence is severely wounded.
Terence hits you with a +0 flail.
You barely miss Terence.
Terence is severely wounded.
Terence closely misses you.
You barely miss Terence.
Terence is severely wounded.
Terence closely misses you.
You hit Terence but do no damage.
Terence is severely wounded.
Terence closely misses you.
You hit Terence but do no damage.
Terence is severely wounded.
Terence hits you with a +0 flail.
You hit Terence but do no damage.
Terence is severely wounded.
Terence hits you with a +0 flail!
You die...

#.###..####.#########.
#.###..####.# #.
#.†.........#########.
#####.#####.....##.... #.#
#.....##.##. ######.###
#.....##.##. #........#
#.....##.### #.#.##@..#
#.....##.### #.#...@..#
#......#....
#.#......###.......####
#.#..##........##..# #
#.#.>#........)....####
#........#...###.......
###.......#..# #....### ##
#########.##..###.###.....#
.# #............##
##...####'## .#
#.######.####.###.#.##PP#.#P


You could see Terence.

Vanquished Creatures
  A dart slug (D:1)
  An endoplasm (D:1)
  3 goblins
  2 hobgoblins
  7 ball pythons (D:1)
  3 bats (D:1)
  A frilled lizard (D:1)
  2 kobolds (D:1)
  3 rats
23 creatures vanquished.

Vanquished Creatures (collateral kills)
  An endoplasm (D:1)
  A rat (D:1)
2 creatures vanquished.

Grand Total: 25 creatures vanquished

Notes
Turn   | Place    | Note
-------+----------+-------------------------------------------
     0 | D:1      | jlumianski the Ghoul Necromancer began the quest for the
                  | Orb.
     0 | D:1      | Reached XP level 1. HP: 14/14 MP: 2/2
   495 | D:1      | Reached XP level 2. HP: 20/20 MP: 1/3
   866 | D:1      | Found Laudar's Book Shoppe.
  1145 | D:1      | Found a faded altar of an unknown god.
  1286 | D:2      | Reached XP level 3. HP: 26/26 MP: 3/5
  1290 | D:2      | Learned a level 3 spell: Vampiric Draining
  1294 | D:2      | Found Uzuwkal's Assorted Antiques.
  1300 | D:2      | Noticed Terence
  1591 | D:1      | Slain by Terence

Illustrated notes

Levels and vault maps discovered:
D:1:      psy_arrival_terrarium, layout_loops_cross, serial_shops, shop,
          basic_ecumenical_altar
D:2:      layout_loops_cross, serial_shops, shop, shop,
          nicolae_shop_window_shopping, uniq_terence

Skill      XL: |  1  2 |
---------------+-------+-----
Dodging        | 2 |  2.1
Spellcasting   | 2 |  2.0
Stealth        | |  2.5
Unarmed Combat | |  0.2
Necromancy     | |  4.4

Action                   || total
-------------------------++-------
Melee: Unarmed           ||    12
       Dagger            ||    32
 Cast: Necrotize         ||    25
       Vampiric Draining ||     1
 Stab: Sleeping          ||     2
Armor: Robe              ||    11
Dodge: Dodged            ||    49

Table legend: (Time is in decaauts)
 A = Elapsed time spent in this place.
 B = Non-inter-level travel time spent in this place.
 C = Inter-level travel time spent in this place.
 D = Time resting spent in this place.
 E = Time spent auto-exploring this place.
 F = Levels seen in this place.
 G = Mean time per level.
                   A        B        C        D        E       F      G
               +--------+--------+--------+--------+--------+-----+--------+
         Total |   1590 |   1557 |     33 |    533 |    429 |   2 |  795.0 |
       Dungeon |   1590 |   1557 |     33 |    533 |    429 |   2 |  795.0 |
               +--------+--------+--------+--------+--------+-----+--------+

Top non-repeatable levels by time:
     D:1: 1423 daAuts
     D:2: 167 daAuts
